 Dungeon Crawl Stone Soup version 0.23-a0-335-gba3dfdf (webtiles) character file.

195533 epen the Covert (level 17, -1/139 HPs)
             Began as a Gnoll Assassin on Oct 17, 2018.
             Was the Champion of Jiyva.
             Killed from afar by an ogre mage (18 damage)
             ... with a bolt of lightning
             ... on level 2 of the Vaults.
             The game lasted 01:30:15 (36081 turns).

epen the Covert (Gnoll Assassin)                   Turns: 36081, Time: 01:30:16

Health: -1/139     AC: 20    Str: 16    XL:     17   Next: 92%
Magic:  32/32      EV: 22    Int: 17    God:    Jiyva [******]
Gold:   1505       SH:  0    Dex: 23    Spells: 39/39 levels left

rFire    + + +     SeeInvis .   R - +4 great mace (crush)
rCold    + . .     Gourm    .   (shield currently unavailable)
rNeg     + . .     Faith    .   W - +2 ring mail of the Turtle {rF+}
rPois    +         Spirit   .   j - +2 helmet {Int+3}
rElec    .         Reflect  .   d - +0 cloak
rCorr    +         Harm     .   B - +2 pair of gloves
MR       +....                  f - +1 pair of boots
Stlth    ++++++....             (no amulet)
HPRegen  0.33/turn              x - ring of protection from cold
MPRegen  0.23/turn              I - ring of positive energy

@: about to teleport, marked
A: distributed training, fangs 1, rugged brown scales 1, agile 1, fire
resistance 2, poison resistance, wild magic 1, acidic bite, eyeballs 1,
gelatinous body 1, pseudopods 1, translucent skin 1, jelly absorbing missiles,
strong nose
}: 2/15 runes: slimy, gossamer
a: Request Jelly, Slimify, Cure Bad Mutation, Renounce Religion


You were on level 2 of the Vaults.
You worshipped Jiyva.
Jiyva was exalted by your worship.
You were completely stuffed.

You visited 6 branches of the dungeon, and saw 34 of its levels.
You also visited: Sewer, Bailey and Ice Cave.

You collected 2011 gold pieces.
You spent 506 gold pieces at shops.

Inventory:

Hand Weapons
 a - a +2 battleaxe of freezing
 b - a +0 blowgun
 R - a +4 great mace of crushing (weapon)
 V - the +9 mace of Kinix {speed, rC- rN+ Str+4 Dex+6}
   (You found it on level 5 of the Pits of Slime)

   Attacks with this weapon are significantly faster.
   It affects your strength (+4).
   It affects your dexterity (+6).
   It makes you vulnerable to cold.
   It protects you from negative energy.
Missiles
 e - 108 poisoned needles
 A - 3 needles of sleeping
 C - 3 needles of confusion
 E - 4 needles of paralysis
 N - a throwing net (quivered)
Armour
 d - a +0 cloak (worn)
 f - a +1 pair of boots (worn)
 j - a +2 helmet of intelligence (worn)
 B - a +2 pair of gloves (worn)
 J - a +1 buckler of poison resistance
 U - the +0 ice dragon scales of the Untouchables {rF- rC++ rN+ Str+3}
   (You found it on level 5 of the Pits of Slime)

   It affects your strength (+3).
   It makes you vulnerable to fire.
   It greatly protects you from cold.
   It protects you from negative energy.
 W - the +2 ring mail of the Turtle (worn) {rF+}
   (You found it on level 5 of the Pits of Slime)

   It protects you from fire.
Jewellery
 t - an uncursed ring of flight
 x - a ring of protection from cold (left hand)
 F - an uncursed ring of ice
 I - a ring of positive energy (right hand)
 P - an uncursed amulet of the gourmand
 S - an uncursed ring of poison resistance
Wands
 v - a wand of enslavement (9)
 y - a wand of polymorph (22)
 G - a wand of digging (7)
 K - a wand of paralysis (5)
 X - a wand of iceblast (2)
 Z - a wand of acid (8)
Scrolls
 i - a scroll of enchant armour
 o - 5 scrolls of teleportation
 q - 3 scrolls of amnesia
 w - a scroll of remove curse
 z - 6 scrolls of fog
 H - 12 scrolls of enchant weapon
 M - a scroll of holy word
Potions
 c - a potion of ambrosia
 h - 4 potions of magic
 k - 3 potions of brilliance
 l - 10 potions of curing
 m - 11 potions of flight
 n - a potion of cancellation
 p - 3 potions of haste
 r - a potion of heal wounds
 s - 3 potions of invisibility
 u - 2 potions of agility
 D - a potion of might
 O - 5 potions of lignification
 Q - a potion of mutation
 Y - a potion of resistance
Miscellaneous
 T - a lightning rod (4/4)
Comestibles
 g - 17 rations


   Skills:
 + Level 12.4 Fighting
 + Level 12.4 Short Blades
 + Level 11.6 Long Blades
 + Level 11.6 Axes
 + Level 11.6 Maces & Flails
 + Level 11.6 Polearms
 + Level 11.6 Staves
 + Level 11.6 Slings
 + Level 11.6 Bows
 + Level 11.6 Crossbows
 + Level 12.4 Throwing
 + Level 11.6 Armour
 + Level 11.9 Dodging
 + Level 13.6 Stealth
 + Level 11.6 Shields
 + Level 11.6 Unarmed Combat
 + Level 11.6 Spellcasting
 + Level 10.0 Conjurations
 + Level 10.0 Hexes
 + Level 10.0 Charms
 + Level 10.0 Summonings
 + Level 10.0 Necromancy
 + Level 10.0 Translocations
 + Level 10.0 Transmutations
 + Level 10.0 Fire Magic
 + Level 10.0 Ice Magic
 + Level 10.0 Air Magic
 + Level 10.0 Earth Magic
 + Level 10.0 Poison Magic
 + Level 12.5 Invocations
 + Level 11.6 Evocations


You had 39 spell levels left.
You didn't know any spells.
Your spell library contained the following spells:

 Spells                   Type           Power        Failure   Level  Hunger
 Apportation              Tloc           ######       1%          1    None
 Corona                   Hex            ######.      1%          1    None
 Freeze                   Ice            ####         1%          1    None
 Magic Dart               Conj           ####         1%          1    None
 Summon Butterflies       Summ           ######..     1%          1    None
 Call Imp                 Summ           ######..     1%          2    None
 Ensorcelled Hibernation  Hex/Ice        ######       1%          2    None
 Searing Ray              Conj           ######       1%          2    None
 Confuse                  Hex            ######..     1%          3    None
 Dazzling Spray           Conj/Hex       ######       1%          3    None
 Gell's Gravitas          Tloc           ######....   1%          3    None
 Lesser Beckoning         Tloc           ######....   1%          3    None
 Mephitic Cloud           Conj/Pois/Air  ######..     1%          3    None
 Portal Projectile        Hex/Tloc       ######       1%          3    None
 Recall                   Summ/Tloc      N/A          1%          3    None
 Tukima's Dance           Hex            ######..     1%          3    None
 Force Lance              Conj/Tloc      ######..     3%          4    ##.....
 Fulminant Prism          Conj/Hex       ######....   3%          4    ##.....
 Ice Form                 Ice/Tmut       ######..     3%          4    ##.....
 Iskenderun's Mystic Bla  Conj           ######..     3%          4    ##.....
 Alistair's Intoxication  Tmut/Pois      ######..     9%          5    #####..
 Metabolic Englaciation   Hex/Ice        ######....   9%          5    #####..
 Summon Forest            Summ/Tloc      ######....   9%          5    #####..
 Dispersal                Tloc           ######....   38%         6    ######.
 Invisibility             Hex            ######..     38%         6    ######.
 Summon Hydra             Summ           ######....   90%         7    #######
 Controlled Blink         Tloc           N/A          100%        8    #######
 Disjunction              Tloc           ######....   100%        8    #######
 Ignition                 Fire           ######....   100%        8    #######


Dungeon Overview and Level Annotations

Branches:
Dungeon (15/15)            Temple (0/1) D:4            Lair (6/6) D:10
  Swamp (0/4) Lair:3       Spider (4/4) Lair:4        Slime (5/5) Lair:6
    Orc (2/2) D:11            Elf (0/3) Orc:2        Vaults (2/5) D:13
  Crypt (0/3) Vaults:2     Depths (0/5) D:15

Altars:
Nemelex Xobeh
Okawaru
Ru
Vehumet
Wu Jian
Zin
The Shining One
Beogh
Jiyva

Shops:
D:9 *   D:10 ?   D:12 *   Orc:2 ![[%

Portals:
Trove: D:12 (give 8 potions of agility)

Annotations:
D:10 1 runed door
Spider:1 3 runed doors, Garbasso's ghost, journeyman MiGl
Spider:2 3 runed doors, Jesigug's ghost, adept GnBe; Ves Hask's ghost, adept GnBe
Spider:4 exclusion: Roxanne, Roxanne
Slime:5 Royal Jelly


Innate Abilities, Weirdness & Mutations

Your experience applies equally to all skills.
You have very sharp teeth.
Your uncanny sense of smell can sniff out nearby items.
You are partially covered in rugged brown scales. (AC +1, +3% HP)
You are agile. (Dex +2)
Your flesh is very heat resistant. (rF++)
Your system is resistant to poisons. (rPois)
Your spells are a little harder to cast, but a little more powerful.
You have acidic saliva.
Your body has grown golden eyes which may confuse attackers. (Acc +3)
Your rubbery body absorbs attacks. (AC +1, EV +1)
Armour fits poorly on your pseudopods.
Your translucent skin slightly reduces your foes' accuracy. (Stealth)
You have a small jelly attached to you that may absorb incoming projectiles.


Message History

Your Air Magic skill increases to level 10!
Your Earth Magic skill increases to level 10!
Your Poison Magic skill increases to level 10!
The ogre mage points at you and mumbles some strange words.
The bolt of lightning hits the war gargoyle.
The war gargoyle resists.
The bolt of lightning hits you! x2
* * * LOW HITPOINT WARNING * * *
You shudder from the blast and a jelly pops out!
The war gargoyle barely misses you.
Unknown command.
Okay, then.
You feel much better. The war gargoyle completely misses you.
As you read the scroll of teleportation, it crumbles to dust.
You feel strangely unstable.
The ogre mage points at you and mumbles some strange words.
The bolt of lightning hits the war gargoyle.
The war gargoyle resists.
The bolt of lightning hits you!
* * * LOW HITPOINT WARNING * * *
The bolt of lightning hits you!
You die...

#.........OO.9#
#######.....
#''#######'#OO###
#.....#..... .... #..##O.#
#.....'..... ......
###..##.O###.....#..... ##
#..#..##..##O.#.....######
#..'..##..##CCC.....#
#..###.ยง##oO###'###'#####
.... #..##9O# #.........#
#.# ###J@### #.........# .
#..# #.........# ####
#.........# #.........##
##########.........##
#........'.........##
#........'.........'.
#........###########.
#........# #.


You could see an orc knight, 2 ettins, 2 two-headed ogres, an ogre mage, a war
gargoyle and a friendly death ooze.

Vanquished Creatures
  Rupert (Lair:5)
  A frost giant (IceCv)
  An orc warlord (Orc:2)
  4 ghost moths
  3 ironheart preservers
  A stone giant (Vaults:2)
  Azrael (D:15)
  2 spark wasps
  2 fire dragons
  3 yaktaur captains
  The ghost of Karim the Cleaver, a journeyman HOMo of Zin (D:12)
  A vault guard (Vaults:1)
  6 hydras
  A catoblepas (Lair:3)
  3 centaur warriors
  19 two-headed ogres
  2 tengu warriors (D:15)
  A deep troll shaman (Vaults:1)
  A deep troll earth mage (Vaults:1)
  3 ogre magi
  6 death yaks
  2 orc high priests (Orc:2)
  A fire crab (Lair:6)
  3 skeletal warriors
  2 deep elf knights (Vaults:1)
  2 deep trolls (Vaults:1)
  3 ironbrand convokers
  5 wizards
  A necromancer (D:15)
  7 orc knights
  12 orb spiders
  12 ugly things
  3 deep elf magi
  21 wolf spiders
  5 orc sorcerers (Orc:2)
  A manticore (D:13)
  5 cyclopes
  14 elephants
  5 vault sentinels
  A black mamba (shapeshifter) (D:13)
  Joseph (Lair:1)
  4 centaur zombies
  A torpor snail (Spider:1)
  A molten gargoyle (D:15)
  3 gargoyles
  An ice statue (IceCv)
  3 black mambas
  8 spiny frogs
  13 demonic crawlers
  3 rime drakes
  2 freezing wraiths (D:15)
  6 yaktaurs
  4 komodo dragons
  A kobold demonologist (D:12)
  2 komodo dragons (shapeshifter)
  A tengu conjurer (D:14)
  6 trolls
  5 polar bears (IceCv)
  A troll (shapeshifter) (D:14)
  28 jumping spiders
  A queen bee (D:10)
  A tyrant leech (shapeshifter) (D:14)
  14 hippogriffs
  12 hornets
  13 blink frogs
  54 redbacks
  2 centaur simulacra (D:15)
  23 tarantellas
  2 shadows
  2 wraiths
  A human (D:11)
  6 wyverns
  2 fire elementals (D:15)
  49 yaks
  A human (shapeshifter) (D:13)
  A steam dragon (D:12)
  A hungry ghost (D:15)
  A hog (shapeshifter) (Vaults:1)
  17 vampire mosquitoes
  4 acid dragons
  5 wargs
  10 water moccasins
  2 hell hounds (D:15)
  56 orc warriors
  6 porcupines
  2 black bears (shapeshifter)
  2 sky beasts
  29 ogres
  A phantom (D:6)
  5 ice beasts
  4 black bears
  3 boggarts (Vaults:1)
  34 wolves
  5 crocodiles
  16 centaurs
  6 big kobolds
  14 bullfrogs
  A wyvern skeleton (D:11)
  5 scorpions
  25 killer bees
  15 wights
  A jelly (Spider:4)
  An electric eel (Spider:4)
  4 howler monkeys
  4 crimson imps
  3 bullfrog zombies
  2 lava snakes (D:15)
  A human simulacrum (Vaults:1)
  36 orc priests
  3 bullfrog skeletons
  5 hounds
  3 centaur skeletons
  20 orc wizards
  7 worker ants
  Ijyb (D:5)
  Natasha (D:3)
  2 iguanas
  A hound zombie (D:6)
  A hound skeleton (D:4)
  11 adders
  12 gnolls
  3 shadow imps
  2 oozes (Sewer)
  An adder skeleton (D:7)
  4 dart slugs
  4 leopard geckos
  138 orcs
  4 ball pythons (Sewer)
  3 giant cockroaches
  7 goblins
  5 hobgoblins
  12 jackals
  22 kobolds
  5 quokkas
  A ball python skeleton (D:4)
  6 bats
  9 frilled lizards
  7 rats
  A fungus (Lair:2)
1068 creatures vanquished.

Vanquished Creatures (collateral kills)
  An ettin (Vaults:2)
  A catoblepas (Lair:6)
  A death knight (Vaults:2)
  A deep troll shaman (Lair:6)
  2 orc knights (Bailey)
  A gargoyle (D:10)
  2 komodo dragons
  A jumping spider (Spider:1)
  A hippogriff (Lair:3)
  An orc warrior (D:10)
  A black bear (D:10)
  A scorpion (D:10)
  A leopard gecko (D:10)
  An orc (D:10)
16 creatures vanquished.

Vanquished Creatures (others)
  Nikola (Spider:1)
  4 acid blobs
  2 azure jellies
  4 death oozes
  A vault guard (Vaults:2)
  A yaktaur captain (Vaults:2)
  A centaur warrior (Vaults:1)
  A hydra (Lair:6)
  A death knight (Vaults:2)
  3 two-headed ogres
  A death yak (Lair:6)
  An ogre mage (Vaults:2)
  2 skeletal warriors
  An unseen horror (Vaults:1)
  A flayed ghost (Vaults:2)
  An ironbrand convoker (Vaults:2)
  A wizard (Vaults:1)
  2 orc knights (Vaults:2)
  4 orb spiders
  A wolf spider zombie (D:15)
  A manticore (D:14)
  5 ugly things (Vaults:2)
  3 wolf spiders
  A cyclops (Vaults:2)
  A vault sentinel (Vaults:2)
  2 yaktaurs (Vaults:2)
  A demonic crawler (Spider:3)
  A kobold demonologist (D:13)
  2 rime drakes (IceCv)
  A tengu conjurer (D:14)
  11 jumping spiders
  2 hornets
  7 polar bears (IceCv)
  A hippogriff (D:13)
  43 slime creatures
  2 tarantellas
  3 yaks (IceCv)
  A wraith (Vaults:2)
  6 redbacks
  An acid dragon (D:15)
  3 water moccasins
  A hell hound (D:15)
  A phantom (D:8)
  2 ice beasts
  A porcupine (Lair:5)
  7 orc warriors
  A sky beast (D:12)
  10 wolves
  An ogre (Vaults:2)
  A necrophage (D:13)
  2 boggarts (Vaults:1)
  7 centaurs
  A crocodile (Lair:1)
  2 big kobolds
  Blork the orc (D:4)
  5 bullfrogs
  278 jellies
  6 killer bees
  A crimson imp (D:12)
  A bullfrog zombie (D:13)
  9 orc priests
  A quasit (D:5)
  9 orc wizards
  A gnoll shaman (D:8)
  Natasha (twice) (D:3)
  4 worker ants
  A hound zombie (D:8)
  A gnoll (D:8)
  3 oozes
  A worm (D:3)
  31 orcs
  12 kobolds
  3 quokkas
  3 frilled lizards
  A giant cockroach zombie (D:5)
  A goblin zombie (D:5)
  2 hobgoblin zombies (D:5)
  2 orc skeletons (D:5)
  2 orc zombies (D:5)
  A quokka zombie (D:6)
  A bush (Lair:6)
  10 fungi
  7 plants
  6 withered plants (Spider:2)
575 creatures vanquished.

Grand Total: 1659 creatures vanquished

Notes
Turn   | Place    | Note
-------+----------+-------------------------------------------
     0 | D:1      | epen the Gnoll Assassin began the quest for the Orb.
     0 | D:1      | Reached XP level 1. HP: 20/20 MP: 1/1
    85 | D:1      | Reached XP level 2. HP: 16/26 MP: 2/2
   502 | D:1      | Reached XP level 3. HP: 30/31 MP: 3/3
   900 | D:2      | Found an ornate altar of the Wu Jian Council.
   902 | D:2      | Found a glowing golden altar of the Shining One.
   931 | D:2      | Reached skill level 1 in Invocations
  1047 | D:2      | Reached skill level 1 in Long Blades
  1047 | D:2      | Reached skill level 1 in Axes
  1047 | D:2      | Reached skill level 1 in Maces & Flails
  1047 | D:2      | Reached skill level 1 in Polearms
  1047 | D:2      | Reached skill level 1 in Staves
  1047 | D:2      | Reached skill level 1 in Slings
  1047 | D:2      | Reached skill level 1 in Bows
  1047 | D:2      | Reached skill level 1 in Crossbows
  1047 | D:2      | Reached skill level 1 in Armour
  1047 | D:2      | Reached skill level 1 in Shields
  1047 | D:2      | Reached skill level 1 in Unarmed Combat
  1047 | D:2      | Reached skill level 1 in Spellcasting
  1047 | D:2      | Reached skill level 1 in Evocations
  1337 | D:3      | Reached XP level 4. HP: 38/38 MP: 5/5
  1481 | D:3      | Found a glowing drain.
  1487 | Sewer    | Entered a sewer
  1543 | Sewer    | Reached skill level 1 in Conjurations
  1543 | Sewer    | Reached skill level 1 in Hexes
  1543 | Sewer    | Reached skill level 1 in Charms
  1543 | Sewer    | Reached skill level 1 in Summonings
  1543 | Sewer    | Reached skill level 1 in Necromancy
  1543 | Sewer    | Reached skill level 1 in Translocations
  1543 | Sewer    | Reached skill level 1 in Transmutations
  1543 | Sewer    | Reached skill level 1 in Fire Magic
  1543 | Sewer    | Reached skill level 1 in Ice Magic
  1543 | Sewer    | Reached skill level 1 in Air Magic
  1543 | Sewer    | Reached skill level 1 in Earth Magic
  1543 | Sewer    | Reached skill level 1 in Poison Magic
  1625 | Sewer    | Noticed a big kobold
  1647 | Sewer    | Killed a big kobold
  1647 | Sewer    | Reached XP level 5. HP: 38/43 MP: 5/7
  1824 | Sewer    | Noticed a big kobold
  1846 | Sewer    | Killed a big kobold
  1846 | Sewer    | Reached skill level 8 in Stealth
  1846 | Sewer    | Reached XP level 6. HP: 43/50 MP: 8/8
  2012 | D:3      | Found a faded altar of an unknown god.
  2083 | D:3      | Became a worshipper of Jiyva Jidwuvoa the Shapeless
  2083 | D:3      | Reached * piety under Jiyva
  2161 | D:3      | Noticed Natasha
  2170 | D:3      | Killed Natasha
  2206 | D:3      | Killed Natasha
  2259 | D:3      | Killed Natasha
  2272 | D:3      | Reached ** piety under Jiyva
  2322 | D:3      | Reached skill level 5 in Fighting
  2322 | D:3      | Reached skill level 5 in Short Blades
  2322 | D:3      | Reached skill level 5 in Throwing
  3092 | D:4      | Reached XP level 7. HP: 56/56 MP: 10/10
  3126 | D:4      | Reached *** piety under Jiyva
  3126 | D:4      | Gained mutation: You are covered in slimy tendrils that may
                  | disarm your opponents. [Jiyva's grace]
  3231 | D:4      | Found a staircase to the Ecumenical Temple.
  3823 | D:5      | Entered Level 5 of the Dungeon
  4079 | D:5      | Noticed Ijyb
  4118 | D:5      | Killed Ijyb
  4146 | D:5      | Noticed Blork the orc
  4290 | D:4      | Killed Blork the orc
  4330 | D:5      | Found a radiant altar of Vehumet.
  4415 | D:5      | Reached **** piety under Jiyva
  4420 | D:5      | Gained mutation: You have an increased reservoir of magic.
                  | (+10% MP) [Jiyva's grace]
  4657 | D:5      | Reached ***** piety under Jiyva
  4671 | D:5      | Reached XP level 8. HP: 36/63 MP: 13/13
  4721 | D:5      | Found a glowing golden altar of the Shining One.
  5384 | D:6      | Gained mutation: Your spells are a little harder to cast,
                  | but a little more powerful. [Jiyva's grace]
  5510 | D:6      | Gained mutation: You passively map a small area around you.
                  | [Jiyva's grace]
  5937 | D:7      | Reached XP level 9. HP: 69/69 MP: 16/16
  6015 | D:7      | Found a glowing silver altar of Zin.
  6015 | D:7      | Found an iron altar of Okawaru.
  6616 | D:8      | Reached skill level 5 in Dodging
  6677 | D:8      | Lost mutation: You are covered in slimy tendrils that may
                  | disarm your opponents. [Jiyva's grace]
  6738 | D:8      | Gained mutation: You are partially covered in icy blue
                  | scales. (AC +2) [Jiyva's grace]
  7088 | D:9      | Reached ****** piety under Jiyva
  7110 | D:9      | Reached skill level 9 in Stealth
  7168 | D:9      | Found a sacrificial altar of Ru.
  7324 | D:9      | Gained mutation: You have a small jelly attached to you
                  | that may absorb incoming projectiles. [Jiyva's grace]
  7327 | D:9      | Reached skill level 5 in Invocations
  7495 | D:9      | Noticed a hornet
  7523 | D:9      | Reached XP level 10. HP: 66/77 MP: 18/18
  7547 | D:9      | Found Ruofextese's Assorted Antiques.
  7555 | D:9      | Bought a scroll labeled TOSYUGOUQE for 37 gold pieces
  7555 | D:9      | Bought a fizzy sapphire potion for 33 gold pieces
  7555 | D:9      | Bought a scroll labeled VOKHEO QORO for 37 gold pieces
  7555 | D:9      | Bought a knobbly bronze ring for 185 gold pieces
  7555 | D:9      | Bought a twisted ivory wand for 148 gold pieces
  7555 | D:9      | Bought a fuming cyan potion for 33 gold pieces
  7555 | D:9      | Bought a bubbling ruby potion for 33 gold pieces
  7799 | D:9      | Reached skill level 5 in Long Blades
  7799 | D:9      | Reached skill level 5 in Axes
  7799 | D:9      | Reached skill level 5 in Maces & Flails
  7799 | D:9      | Reached skill level 5 in Polearms
  7799 | D:9      | Reached skill level 5 in Staves
  7799 | D:9      | Reached skill level 5 in Slings
  7799 | D:9      | Reached skill level 5 in Bows
  7799 | D:9      | Reached skill level 5 in Crossbows
  7799 | D:9      | Reached skill level 5 in Armour
  7799 | D:9      | Reached skill level 5 in Shields
  7799 | D:9      | Reached skill level 5 in Unarmed Combat
  7799 | D:9      | Reached skill level 5 in Spellcasting
  7799 | D:9      | Reached skill level 5 in Evocations
  7815 | D:9      | Paralysed by a hornet for 1 turns
  7818 | D:9      | Lost mutation: You have a small jelly attached to you that
                  | may absorb incoming projectiles. [Jiyva's grace]
  8069 | D:10     | Entered Level 10 of the Dungeon
  8069 | D:10     | Noticed a purple ugly thing
  8191 | D:10     | Lost mutation: You have an increased reservoir of magic.
                  | (+10% MP) [Jiyva's grace]
  8244 | D:10     | Noticed a two-headed ogre
  8260 | D:9      | Killed a purple ugly thing
  8285 | D:10     | Killed a two-headed ogre
  8291 | D:10     | Gained mutation: You are frail. (-10% HP) [Jiyva's grace]
  8411 | D:10     | Reached XP level 11. HP: 69/75 MP: 19/19
  8579 | D:10     | Found Orcham's Magic Scroll Shoppe.
  8686 | D:10     | Gained mutation: Your muscles are strong. (Str +2) [Jiyva's
                  | grace]
  8781 | D:10     | Found a staircase to the Lair.
  8807 | D:10     | Found a runed door.
  8807 | D:10     | Noticed a shadow dragon
  8807 | D:10     | Noticed a lindwurm
  8807 | D:10     | Noticed a deep elf knight
  8809 | D:10     | Noticed a stone giant
  8809 | D:10     | Noticed a deep troll
  8809 | D:10     | Noticed a flayed ghost
  8809 | D:10     | Noticed a yaktaur captain
  8809 | D:10     | a lindwurm changed into a water nymph
  9042 | D:11     | Noticed a five-headed hydra
  9095 | Lair:1   | Entered Level 1 of the Lair of Beasts
  9184 | Lair:1   | Reached skill level 5 in Conjurations
  9184 | Lair:1   | Reached skill level 5 in Hexes
  9184 | Lair:1   | Reached skill level 5 in Charms
  9184 | Lair:1   | Reached skill level 5 in Summonings
  9184 | Lair:1   | Reached skill level 5 in Necromancy
  9184 | Lair:1   | Reached skill level 5 in Translocations
  9184 | Lair:1   | Reached skill level 5 in Transmutations
  9184 | Lair:1   | Reached skill level 5 in Fire Magic
  9184 | Lair:1   | Reached skill level 5 in Ice Magic
  9184 | Lair:1   | Reached skill level 5 in Air Magic
  9184 | Lair:1   | Reached skill level 5 in Earth Magic
  9184 | Lair:1   | Reached skill level 5 in Poison Magic
  9196 | Lair:1   | HP: 3/75 [spiny frog (8)]
  9321 | Lair:1   | Gained mutation: You have a pair of small horns on your
                  | head. [Jiyva's grace]
  9584 | Lair:1   | Lost mutation: You are partially covered in icy blue
                  | scales. (AC +2) [Jiyva's grace]
  9664 | Lair:1   | Reached skill level 10 in Stealth
  9808 | Lair:1   | Noticed a seven-headed hydra
  9821 | Lair:1   | Killed a seven-headed hydra
  9858 | Lair:1   | Gained mutation: You have a small jelly attached to you
                  | that senses nearby items. [Jiyva's grace]
  9962 | Lair:1   | Noticed Joseph
  9975 | Lair:1   | Killed Joseph
 10339 | Lair:2   | Lost mutation: You have a small jelly attached to you that
                  | senses nearby items. [Jiyva's grace]
 10393 | Lair:2   | Lost mutation: You are frail. (-10% HP) [potion of
                  | mutation]
 10393 | Lair:2   | Gained mutation: You evolve. [potion of mutation]
 10393 | Lair:2   | Gained mutation: You are surrounded by a mild repulsion
                  | field. (EV +2) [potion of mutation]
 10393 | Lair:2   | Gained mutation: Your spells are harder to cast, but more
                  | powerful. [potion of mutation]
 10671 | Lair:2   | Lost mutation: Your spells are harder to cast, but more
                  | powerful. [Jiyva's grace]
 10719 | Lair:2   | Gained mutation: You are partially covered in large bone
                  | plates. (SH +4) [evolution]
 11209 | Lair:3   | Reached XP level 12. HP: 82/93 MP: 22/22
 11373 | Lair:4   | Noticed an eight-headed hydra
 11765 | Lair:6   | Entered Level 6 of the Lair of Beasts
 11773 | Lair:6   | Found a staircase to the Slime Pits.
 11782 | Slime:1  | Entered Level 1 of the Pits of Slime
 11790 | Slime:2  | Noticed an azure jelly
 11814 | Slime:3  | Noticed an acid blob
 11827 | Slime:3  | Noticed an acid blob
 11834 | Slime:3  | Noticed an acid blob
 11855 | Slime:3  | Noticed an azure jelly
 11862 | Slime:3  | Noticed an acid blob
 11890 | Slime:3  | Noticed an acid blob
 11902 | Slime:3  | Noticed a great orb of eyes
 11923 | Slime:5  | Entered Level 5 of the Pits of Slime
 11934 | Slime:5  | Noticed an acid blob
 11934 | Slime:5  | Noticed an acid blob
 11935 | Slime:5  | Killed a death ooze
 11938 | Slime:5  | Noticed an acid blob
 11938 | Slime:5  | Killed an acid blob
 11939 | Slime:5  | Noticed a great orb of eyes
 11939 | Slime:5  | Noticed the Royal Jelly
 11939 | Slime:5  | Gained mutation: Your body has grown golden eyes which may
                  | confuse attackers. (Acc +3) [Jiyva's grace]
 11939 | Slime:5  | Killed a death ooze
 11940 | Slime:5  | Noticed a death ooze
 11940 | Slime:5  | Noticed a great orb of eyes
 11941 | Slime:5  | Noticed an azure jelly
 11942 | Slime:5  | Found a viscous altar of Jiyva.
 11943 | Slime:5  | Noticed an acid blob
 11945 | Slime:5  | Gained mutation: Your rubbery body absorbs attacks. (AC +1,
                  | EV +1) [Jiyva's grace]
 11955 | Slime:5  | Identified the Almanac of Heat and Cold
 11958 | Slime:5  | Lost mutation: Your spells are a little harder to cast, but
                  | a little more powerful. [Jiyva's grace]
 11965 | Slime:5  | Gained mutation: You rapidly evolve. [Jiyva's grace]
 11966 | Slime:5  | Got a slimy rune of Zot
 11968 | Slime:5  | Got a smoking mace
 11971 | Slime:5  | Got bloodstained ice dragon scales
 11982 | Slime:5  | Identified the Reference Book on Weightlessness and Slavery
 12001 | Slime:5  | Got a smoking mace
 12003 | Slime:5  | Noticed an acid blob
 12010 | Slime:5  | Got a heavily runed ring mail
 12035 | Slime:5  | Identified the cursed +0 ice dragon scales of the
                  | Untouchables {rF- rC++ rN+ Str+3} (You found it on level 5
                  | of the Pits of Slime)
 12046 | Slime:5  | Noticed an acid blob
 12051 | Slime:5  | Killed an azure jelly
 12069 | Slime:3  | Noticed an azure jelly
 12071 | Slime:3  | Noticed an azure jelly
 12083 | Slime:2  | Noticed an azure jelly
 12086 | Slime:2  | Noticed an azure jelly
 12132 | Slime:3  | Noticed an acid blob
 12199 | Lair:6   | Identified the +0 mace "Padal" {holy, Int+3} (You found it
                  | on level 5 of the Pits of Slime)
 12200 | Lair:6   | Identified the +9 mace of Kinix {speed, rC- rN+ Str+4
                  | Dex+6} (You found it on level 5 of the Pits of Slime)
 12262 | Lair:6   | Found a frozen archway.
 12279 | IceCv    | Entered an ice cave
 12441 | IceCv    | Lost mutation: Your body has grown golden eyes which may
                  | confuse attackers. (Acc +3) [Jiyva's grace]
 12617 | IceCv    | Noticed a death yak
 12651 | IceCv    | Killed a death yak
 12791 | IceCv    | Gained mutation: You have a small jelly attached to you
                  | that may absorb incoming projectiles. [Jiyva's grace]
 12849 | IceCv    | Gained mutation: You are partially covered in yellow
                  | scales. (AC +2) [evolution]
 13229 | IceCv    | Noticed a frost giant
 13243 | IceCv    | Killed a frost giant
 13406 | IceCv    | Lost mutation: You rapidly evolve. [Jiyva's grace]
 13431 | Lair:6   | Reached XP level 13. HP: 53/101 MP: 24/24
 13472 | Lair:6   | Gained mutation: You have a pair of horns on your head.
                  | [Jiyva's grace]
 13823 | Lair:5   | Noticed Rupert
 13861 | Lair:5   | Killed Rupert
 13861 | Lair:5   | Reached skill level 11 in Stealth
 13901 | Lair:5   | Gained mutation: Your pliable body absorbs attacks. (AC +2,
                  | EV +2) [Jiyva's grace]
 14188 | Lair:5   | Gained mutation: Your spells are a little harder to cast,
                  | but a little more powerful. [Jiyva's grace]
 14581 | Lair:4   | Found a hole to the Spider Nest.
 14613 | Lair:4   | Gained mutation: Your system is resistant to poisons.
                  | (rPois) [evolution]
 15151 | Lair:4   | Gained mutation: You have a pair of large horns on your
                  | head. [Jiyva's grace]
 15589 | Lair:3   | Identified the +2 ring mail of the Turtle {rF+} (You found
                  | it on level 5 of the Pits of Slime)
 15602 | Lair:3   | Found a staircase to the Swamp.
 15797 | Lair:3   | Lost mutation: You are surrounded by a mild repulsion
                  | field. (EV +2) [Jiyva's grace]
 16263 | Lair:6   | Reached XP level 14. HP: 86/109 MP: 26/26
 16588 | Lair:6   | Gained mutation: Your mind is acute. (Int +2) [Jiyva's
                  | grace]
 16828 | Lair:6   | Reached skill level 10 in Fighting
 16828 | Lair:6   | Reached skill level 10 in Short Blades
 16828 | Lair:6   | Reached skill level 10 in Throwing
 16885 | Lair:6   | Noticed an acid blob
 16885 | Lair:6   | a death yak changed into an acid blob
 16891 | Lair:6   | Gained mutation: You have large cloven feet. [Jiyva's
                  | grace]
 16929 | Lair:6   | Lost mutation: You passively map a small area around you.
                  | [Jiyva's grace]
 16943 | Lair:6   | Got a translucent mace
 16946 | Lair:6   | Identified the cursed +3 mace "Earthworm" {freeze, rElec
                  | rF- Int+2 Dex+6} (You found it on level 6 of the Lair of
                  | Beasts)
 17069 | Lair:6   | Lost mutation: Your pliable body absorbs attacks. (AC +2,
                  | EV +2) [Jiyva's grace]
 17470 | D:11     | Found a staircase to the Orcish Mines.
 17574 | D:11     | Lost mutation: You are partially covered in large bone
                  | plates. (SH +4) [Jiyva's grace]
 17598 | D:11     | Gained mutation: You expend magic power (3 MP) to
                  | strengthen your wands. [Jiyva's grace]
 17602 | D:11     | Lost mutation: You have a pair of large horns on your head.
                  | [Jiyva's grace]
 17635 | D:11     | Gained mutation: You are covered in fur. (AC +1)
                  | [evolution]
 17697 | D:11     | Gained mutation: Your body has grown golden eyes which may
                  | confuse attackers. (Acc +3) [Jiyva's grace]
 18008 | D:12     | Found a runed door.
 18008 | D:12     | Noticed Karim's ghost (journeyman HOMo)
 18056 | D:12     | Killed Karim's ghost
 18056 | D:12     | Reached skill level 10 in Invocations
 18158 | D:12     | Gained mutation: Your body has grown many golden eyes which
                  | may confuse attackers. (Acc +5) [Jiyva's grace]
 18284 | D:12     | Found Rafo Lig's General Store.
 18368 | D:12     | Found a portal to a secret trove of treasure.
 18678 | D:12     | Noticed an acid blob
 18678 | D:12     | a red ugly thing changed into an acid blob
 19125 | D:12     | Found a sparkling altar of Nemelex Xobeh.
 19469 | D:13     | Gained mutation: You are partially covered in rugged brown
                  | scales. (AC +1, +3% HP) [Jiyva's grace]
 19627 | D:13     | Gained mutation: Your body is covered in golden eyes which
                  | may confuse attackers. (Acc +7, SInv) [Jiyva's grace]
 19742 | D:13     | Lost mutation: Your spells are a little harder to cast, but
                  | a little more powerful. [Jiyva's grace]
 19791 | D:13     | Found a flagged portal.
 19797 | Bailey   | Entered a bailey
 19868 | Bailey   | Lost mutation: You have a small jelly attached to you that
                  | may absorb incoming projectiles. [Jiyva's grace]
 19922 | Bailey   | Reached skill level 12 in Stealth
 19939 | Bailey   | Lost mutation: Your mind is acute. (Int +2) [Jiyva's grace]
 19961 | Bailey   | Gained mutation: You are partially covered in thin metallic
                  | scales. (AC +2) [Jiyva's grace]
 20163 | D:13     | Reached XP level 15. HP: 116/120 MP: 28/28
 20218 | D:13     | Lost mutation: You are covered in fur. (AC +1) [Jiyva's
                  | grace]
 20225 | D:13     | Gained mutation: You are agile. (Dex +2) [evolution]
 20312 | D:13     | Noticed an azure jelly
 20312 | D:13     | a centaur warrior changed into an azure jelly
 20319 | D:13     | Lost mutation: You expend magic power (3 MP) to strengthen
                  | your wands. [Jiyva's grace]
 20405 | D:13     | Found a gate to the Vaults.
 20598 | D:14     | Gained mutation: You are robust. (+10% HP) [Jiyva's grace]
 20601 | D:14     | Reached skill level 10 in Dodging
 20643 | D:14     | Lost mutation: You are partially covered in yellow scales.
                  | (AC +2) [Jiyva's grace]
 20789 | D:14     | Noticed an azure jelly
 20789 | D:14     | a catoblepas changed into an azure jelly
 20953 | D:14     | epen: ??acc
 20953 | D:14     | beem: to hit[1/6]: The ability to hit things and not miss
                  | them. For players: see {accuracy[2]} for player accuracy
                  | and {accuracy[3]} for monster accuracy. The value used is
                  | called mhit, and {test_hit} actually decides if a hit
                  | occurs based on that value.
 21019 | D:14     | Lost mutation: You have large cloven feet. [Jiyva's grace]
 21128 | D:15     | Entered Level 15 of the Dungeon
 21211 | D:15     | Noticed Azrael
 21311 | D:15     | Killed Azrael
 21314 | D:15     | Lost mutation: You are partially covered in thin metallic
                  | scales. (AC +2) [Jiyva's grace]
 21668 | D:15     | Gained mutation: You have acidic saliva. [Jiyva's grace]
 21838 | D:15     | Found a staircase to the Depths.
 22207 | D:15     | Gained mutation: You tend to lose your temper in combat.
                  | [Jiyva's grace]
 22314 | D:15     | Reached skill level 10 in Long Blades
 22314 | D:15     | Reached skill level 10 in Axes
 22314 | D:15     | Reached skill level 10 in Maces & Flails
 22314 | D:15     | Reached skill level 10 in Polearms
 22314 | D:15     | Reached skill level 10 in Staves
 22314 | D:15     | Reached skill level 10 in Slings
 22314 | D:15     | Reached skill level 10 in Bows
 22314 | D:15     | Reached skill level 10 in Crossbows
 22314 | D:15     | Reached skill level 10 in Armour
 22314 | D:15     | Reached skill level 10 in Shields
 22314 | D:15     | Reached skill level 10 in Unarmed Combat
 22314 | D:15     | Reached skill level 10 in Spellcasting
 22314 | D:15     | Reached skill level 10 in Evocations
 22533 | Orc:1    | Entered Level 1 of the Orcish Mines
 22693 | Orc:1    | Found a roughly hewn altar of Beogh.
 22794 | Orc:1    | Gained mutation: You have a somewhat thin skeletal
                  | structure. (Dex +2, Stealth) [Jiyva's grace]
 22976 | Orc:2    | Entered Level 2 of the Orcish Mines
 23016 | Orc:2    | Lost mutation: You tend to lose your temper in combat.
                  | [Jiyva's power]
 23036 | Orc:2    | Lost mutation: You are robust. (+10% HP) [Jiyva's grace]
 23071 | Orc:2    | Gained mutation: You expend magic power (3 MP) to
                  | strengthen your wands. [Jiyva's grace]
 23091 | Orc:2    | Lost mutation: Your muscles are strong. (Str +2) [Jiyva's
                  | grace]
 23263 | Orc:2    | Found a roughly hewn altar of Beogh.
 23271 | Orc:2    | Lost mutation: You are agile. (Dex +2) [Jiyva's grace]
 23328 | Orc:2    | Lost mutation: Your body is covered in golden eyes which
                  | may confuse attackers. (Acc +7, SInv) [Jiyva's grace]
 23351 | Orc:2    | Found Qyel's Antique Armour Boutique.
 23355 | Orc:2    | epen: ??dragon King
 23355 | Orc:2    | beem: scales of the dragon king[1/1]: +9 GDS with MR+.
 23360 | Orc:2    | Found Otoizeth's Food Shop.
 23625 | Orc:2    | Lost mutation: You have a somewhat thin skeletal structure.
                  | (Dex +2, Stealth) [Jiyva's grace]
 23692 | Orc:2    | Lost mutation: You expend magic power (3 MP) to strengthen
                  | your wands. [Jiyva's grace]
 23774 | Orc:2    | Lost mutation: You evolve. [Jiyva's grace]
 23784 | Orc:2    | Noticed an orc warlord
 23785 | Orc:2    | Found a roughly hewn altar of Beogh.
 23822 | Orc:2    | Killed an orc warlord
 23851 | Orc:2    | Gained mutation: Your flesh is heat resistant. (rF+)
                  | [Jiyva's grace]
 23921 | Orc:2    | Noticed an azure jelly
 23921 | Orc:2    | an orc high priest changed into an azure jelly
 23926 | Orc:2    | Lost mutation: You have acidic saliva. [Jiyva's grace]
 23965 | Orc:2    | Found Weffaijytt's Antique Armour Shop.
 23972 | Orc:2    | Lost mutation: You have a pair of horns on your head.
                  | [Jiyva's grace]
 24032 | Orc:2    | Found Keniqoz's Distillery.
 24060 | Orc:2    | Gained mutation: You are somewhat resistant to further
                  | mutation. [Jiyva's grace]
 24130 | Orc:2    | Gained mutation: Armour fits poorly on your pseudopods.
                  | [Jiyva's grace]
 24148 | Orc:2    | Found a staircase to the Elven Halls.
 24198 | Orc:1    | Lost mutation: You have a pair of small horns on your head.
                  | [Jiyva's grace]
 24423 | Orc:2    | Lost mutation: Your rubbery body absorbs attacks. (AC +1,
                  | EV +1) [Jiyva's grace]
 24667 | Orc:1    | Upgraded the game from 0.23-a0-333-g006994f to
                  | 0.23-a0-335-gba3dfdf
 24846 | Spider:1 | Entered Level 1 of the Spider Nest
 24948 | Spider:1 | Noticed Garbasso's ghost (journeyman MiGl)
 24949 | Spider:1 | Found a runed gate.
 24949 | Spider:1 | Found a runed gate.
 24949 | Spider:1 | Found a runed gate.
 24949 | Spider:1 | Noticed an emperor scorpion
 24983 | Spider:1 | Reached XP level 16. HP: 128/128 MP: 30/30
 25342 | Spider:1 | Noticed an acid blob
 25342 | Spider:1 | an entropy weaver changed into an acid blob
 25384 | Spider:1 | Noticed an acid blob
 25384 | Spider:1 | a wolf spider changed into an acid blob
 25428 | Spider:1 | Lost mutation: Your system is resistant to poisons. (rPois)
                  | [Jiyva's grace]
 25565 | Spider:1 | Noticed an azure jelly
 25565 | Spider:1 | a wolf spider changed into an azure jelly
 25680 | Spider:1 | Noticed an azure jelly
 25680 | Spider:1 | a wolf spider changed into an azure jelly
 25711 | Spider:1 | Killed Nikola
 25752 | Spider:1 | Noticed an azure jelly
 25752 | Spider:1 | an entropy weaver changed into an azure jelly
 25825 | Spider:1 | Gained mutation: You possess an exceptional clarity of
                  | mind. [Jiyva's grace]
 25920 | Spider:1 | HP: 3/128 [disintegration (45)]
 26894 | Spider:2 | Found a runed gate.
 26894 | Spider:2 | Found a runed gate.
 26894 | Spider:2 | Found a runed gate.
 26894 | Spider:2 | Noticed Ves Hask's ghost (adept GnBe)
 26895 | Spider:2 | Noticed Jesigug's ghost (adept GnBe)
 27288 | Spider:2 | Gained mutation: You have a pair of small horns on your
                  | head. [Jiyva's grace]
 27722 | Spider:3 | Noticed an acid blob
 27722 | Spider:3 | a spark wasp changed into an acid blob
 27825 | Spider:3 | Killed an acid blob
 28078 | Spider:3 | Gained mutation: Your system is resistant to poisons.
                  | (rPois) [Jiyva's grace]
 28190 | Spider:3 | namelastname112: ??slimify
 28191 | Spider:3 | beem: slimify[1/1]: Jiyva ability that coats your melee
                  | attack with slime. Hitting a corporeal undead or natural
                  | monster will turn it into a neutral slime of similar HD
                  | with no resistance checks. Durably summoned/god wrath no
                  | longer provides immunity to slimify.
 28207 | Spider:3 | Gained mutation: You are partially covered in large bone
                  | plates. (SH +4) [Jiyva's grace]
 28222 | Spider:3 | Noticed an acid blob
 28222 | Spider:3 | an emperor scorpion changed into an acid blob
 29306 | Spider:4 | Entered Level 4 of the Spider Nest
 29328 | Spider:4 | Gained mutation: Your flesh is very heat resistant. (rF++)
                  | [Jiyva's grace]
 29378 | Spider:4 | Identified Roxanne's Almanac of Transformation
 29378 | Spider:4 | Noticed Roxanne
 29503 | Spider:4 | Lost mutation: You possess an exceptional clarity of mind.
                  | [Jiyva's grace]
 29546 | Spider:4 | Reached skill level 13 in Stealth
 29560 | Spider:4 | Noticed an acid blob
 29560 | Spider:4 | a wolf spider changed into an acid blob
 29814 | Spider:4 | Noticed an azure jelly
 29814 | Spider:4 | a wolf spider changed into an azure jelly
 29835 | Spider:4 | Killed an acid blob
 30214 | Spider:4 | Killed an azure jelly
 30261 | Spider:4 | Lost mutation: You are somewhat resistant to further
                  | mutation. [Jiyva's grace]
 31153 | Spider:4 | Reached XP level 17. HP: 103/136 MP: 32/32
 31605 | Spider:4 | Got an ichor-stained trident
 31607 | Spider:4 | Identified the cursed +0 trident of Bowil {drain, *Rage rN+
                  | Int+3} (You found it on level 4 of the Spider Nest)
 32112 | Spider:4 | Got a gossamer rune of Zot
 32475 | Vaults:1 | Entered Level 1 of the Vaults
 32509 | Vaults:1 | Gained mutation: Your rubbery body absorbs attacks. (AC +1,
                  | EV +1) [Jiyva's grace]
 32936 | Vaults:1 | Gained mutation: Your spells are a little harder to cast,
                  | but a little more powerful. [Jiyva's grace]
 33489 | Vaults:1 | Gained mutation: Your translucent skin slightly reduces
                  | your foes' accuracy. (Stealth) [Jiyva's grace]
 33879 | Vaults:1 | Gained mutation: You have a small jelly attached to you
                  | that may absorb incoming projectiles. [Jiyva's grace]
 33967 | Vaults:1 | Got a pitted ivory ring
 34117 | Vaults:1 | Lost mutation: Your body has grown many golden eyes which
                  | may confuse attackers. (Acc +5) [Jiyva's grace]
 34648 | Vaults:2 | Lost mutation: You have a pair of small horns on your head.
                  | [Jiyva's grace]
 34719 | Vaults:2 | Gained mutation: You have acidic saliva. [Jiyva's grace]
 35118 | Vaults:2 | Gained mutation: You have sharp toenails. [Jiyva's grace]
 35133 | Vaults:2 | Noticed an acid blob
 35133 | Vaults:2 | a vault warden changed into an acid blob
 35160 | Vaults:2 | Noticed an acid blob
 35160 | Vaults:2 | a vault guard changed into an acid blob
 35161 | Vaults:2 | Lost mutation: You are partially covered in large bone
                  | plates. (SH +4) [Jiyva's grace]
 35188 | Vaults:2 | Lost mutation: You have sharp toenails. [Jiyva's grace]
 35214 | Vaults:2 | Killed an acid blob
 35272 | Vaults:2 | Found a staircase to the Crypt.
 35352 | Vaults:2 | Gained mutation: You possess an exceptional clarity of
                  | mind. [Jiyva's grace]
 35576 | Vaults:2 | Identified the ring "Fuqinaem" {rCorr rElec rF- Str-5
                  | Dex+6} (You found it on level 1 of the Vaults)
 35781 | Vaults:2 | Gained mutation: You are agile. (Dex +2) [Jiyva's grace]
 36051 | Vaults:2 | Noticed an acid blob
 36051 | Vaults:2 | a tengu reaver changed into an acid blob
 36051 | Vaults:2 | Lost mutation: You possess an exceptional clarity of mind.
                  | [Jiyva's grace]
 36079 | Vaults:2 | Reached skill level 10 in Conjurations
 36079 | Vaults:2 | Reached skill level 10 in Hexes
 36079 | Vaults:2 | Reached skill level 10 in Charms
 36079 | Vaults:2 | Reached skill level 10 in Summonings
 36079 | Vaults:2 | Reached skill level 10 in Necromancy
 36079 | Vaults:2 | Reached skill level 10 in Translocations
 36079 | Vaults:2 | Reached skill level 10 in Transmutations
 36079 | Vaults:2 | Reached skill level 10 in Fire Magic
 36079 | Vaults:2 | Reached skill level 10 in Ice Magic
 36079 | Vaults:2 | Reached skill level 10 in Air Magic
 36079 | Vaults:2 | Reached skill level 10 in Earth Magic
 36079 | Vaults:2 | Reached skill level 10 in Poison Magic
 36081 | Vaults:2 | Killed from afar by an ogre mage

Vault maps used:
D:1:      evilmike_arrival_hilbert_curve
D:2:      chequers_temple_overflow_statue_of_worship, first_ration,
          chequers_serial_rivers_small_a, minivault_23
D:3:      chequers_ecumenical_altar_grove, gup_sewer_entry_bubbles, uniq_natasha
D:4:      minmay_temple_entry_junction_2
D:5:      kennysheep_mini_moat, nicolae_tso_besieged_by_evil, uniq_ijyb,
          uniq_blork_the_orc
D:6:      cheibrodos_barr_body
D:7:      gammafunk_temple_overflow_elements
D:9:      nicolae_ru_path_of_blood, serial_shops,
          nicolae_shop_overgrown_old_shop
D:10:     minmay_gate_of_8, lair_entry_dummy, serial_shops, shop, david_nohive_1
D:11:     erik_orc_4
D:12:     serial_shops, shop, enter_trove_1, hellmonk_ghost_happy_afterlife,
          nemelex_diamond_rough_becter
D:13:     hangedman_vaults_entry_quadrant_bands, enter_bailey_2
D:14:     skrybe_limestone_x
D:15:     grunt_enter_depths_magical_seal, hangedman_decor_riveting, uniq_azrael
Lair:1:   columned_hall_lemuel, lemuel_fruit_tree, uniq_joseph
Lair:2:   grunt_megastairs_5
Lair:3:   minmay_swamp_entry_swarm
Lair:4:   spider_nest_entry_webs, grunt_megastairs_3, serial_bayou_shore_a
Lair:5:   uniq_rupert
Lair:6:   grunt_lair_end_beastmaster, minmay_slime_entry_jelly_boxes,
          portal_ice_cave_entry_pillars_1
Spider:1: gammafunk_ghost_split, spider_trap,
          hangedman_spider_tarantella_strand, uniq_nikola
Spider:2: gammafunk_ghost_cemetery, guppyfry_hornet_nest
Spider:4: spider_rune_water, uniq_roxanne
Slime:3:  nicolae_slime_round_cave
Orc:1:    nicolae_orc_lost_temple
Orc:2:    pubby_orc_utopia
Vaults:1: v_misc_14, vaults_room_boxed, ontoclasm_vaults_spin,
          vaults_standard_mumra_x, v_rooms_4, hangedman_vaults_maws,
          hangedman_vaults_restitches, vaults_dpeg_encased_lava
Vaults:2: vaults_mumra_minichess_inversion, v_misc_16,
          ontoclasm_vaults_ring_large, nicolae_vaults_stairing_the_circle,
          v_misc_25, minmay_crypt_entry_nasty_monster, nicolae_vaults_quadrants,
          nicolae_vaults_specimen_jars, v_misc_32, vaults_room_ringed_pool,
          nicolae_vaults_little_squares_3, v_misc_18, ontoclasm_vaults_twist
Sewer:    kennysheep_pipe_town
Bailey:   bailey_polearm_5, bailey
IceCv:    ice_cave_caverns_03

Skill      XL: |  1  2  3  4  5  6  7  8  9 10 11 12 13 14 15 16 17 |
---------------+----------------------------------------------------+-----
Invocations    | 1 2 3 4 5 6 7 8 9 10 11 12 | 12.5
Long Blades    | 1 2 3 4 5 6 7 8 9 10 11 | 11.6
Axes           | 1 2 3 4 5 6 7 8 9 10 11 | 11.6
Maces & Flails | 1 2 3 4 5 6 7 8 9 10 11 | 11.6
Polearms       | 1 2 3 4 5 6 7 8 9 10 11 | 11.6
Staves         | 1 2 3 4 5 6 7 8 9 10 11 | 11.6
Slings         | 1 2 3 4 5 6 7 8 9 10 11 | 11.6
Bows           | 1 2 3 4 5 6 7 8 9 10 11 | 11.6
Crossbows      | 1 2 3 4 5 6 7 8 9 10 11 | 11.6
Armour         | 1 2 3 4 5 6 7 8 9 10 11 | 11.6
Shields        | 1 2 3 4 5 6 7 8 9 10 11 | 11.6
Unarmed Combat | 1 2 3 4 5 6 7 8 9 10 11 | 11.6
Spellcasting   | 1 2 3 4 5 6 7 8 9 10 11 | 11.6
Evocations     | 1 2 3 4 5 6 7 8 9 10 11 | 11.6
Conjurations   | 1 2 3 4 5 6 7 8 9 10 | 10.0
Hexes          | 1 2 3 4 5 6 7 8 9 10 | 10.0
Charms         | 1 2 3 4 5 6 7 8 9 10 | 10.0
Summonings     | 1 2 3 4 5 6 7 8 9 10 | 10.0
Necromancy     | 1 2 3 4 5 6 7 8 9 10 | 10.0
Translocations | 1 2 3 4 5 6 7 8 9 10 | 10.0
Transmutations | 1 2 3 4 5 6 7 8 9 10 | 10.0
Fire Magic     | 1 2 3 4 5 6 7 8 9 10 | 10.0
Ice Magic      | 1 2 3 4 5 6 7 8 9 10 | 10.0
Air Magic      | 1 2 3 4 5 6 7 8 9 10 | 10.0
Earth Magic    | 1 2 3 4 5 6 7 8 9 10 | 10.0
Poison Magic   | 1 2 3 4 5 6 7 8 9 10 | 10.0
Dodging        | 3 4 5 6 7 8 9 10 11 | 11.9
Stealth        | 8 9 10 11 12 13 | 13.6
Fighting       | 5 6 7 8 9 10 11 12 | 12.4
Short Blades   | 5 6 7 8 9 10 11 12 | 12.4
Throwing       | 5 6 7 8 9 10 11 12 | 12.4

Action                   |  1- 3 |  4- 6 |  7- 9 | 10-12 | 13-15 | 16-18 || total
-------------------------+-------+-------+-------+-------+-------+-------++-------
Melee: Dagger            |    88 |   241 |   322 |     4 |       |       ||   655
       Bite              |     5 |    30 |    66 |   122 |   369 |   349 ||   941
       Punch             |       |     2 |     6 |    15 |    81 |       ||   104
       Spear             |       |       |    83 |     6 |       |       ||    89
       Dire flail        |       |       |   113 |   457 |       |       ||   570
       Headbutt          |       |       |       |   125 |   602 |   337 ||  1064
       Mace              |       |       |       |   193 |  1642 |  1471 ||  3306
       Pseudopods        |       |       |       |       |    24 |   602 ||   626
       Great mace        |       |       |       |       |       |    32 ||    32
 Fire: Blowgun           |       |     2 |       |     6 |       |       ||     8
       Hunting sling     |       |       |       |    52 |       |       ||    52
Throw: Throwing net      |       |       |       |     1 |       |     1 ||     2
Invok: Request Jelly     |       |       |     2 |     3 |    10 |     5 ||    20
       Slimify           |       |       |     1 |     2 |    22 |    26 ||    51
       Cure Bad Mutation |       |       |       |       |     1 |       ||     1
Evoke: Wand              |       |       |     3 |    11 |    12 |    14 ||    40
       Lightning rod     |       |       |       |       |    10 |     5 ||    15
  Use: Scroll            |       |     8 |     2 |    14 |     8 |     6 ||    38
       Potion            |       |       |       |     6 |     6 |     5 ||    17
 Stab: Sleeping          |    12 |    10 |    27 |    12 |    29 |    19 ||   109
       Distracted        |       |       |     3 |     4 |    11 |     7 ||    25
       Paralysed         |       |       |     1 |       |       |     3 ||     4
       Held in net/web   |       |       |       |     2 |       |     1 ||     3
       Confused          |       |       |       |     1 |    70 |    83 ||   154
  Eat: Chunk             |     1 |     4 |     1 |       |       |       ||     6
Armor: Robe              |    19 |    55 |       |       |       |       ||    74
       Troll leather arm |       |       |   136 |   160 |       |       ||   296
       Ice dragon scales |       |       |       |    35 |    56 |       ||    91
       Ring mail         |       |       |       |       |   227 |   280 ||   507
Dodge: Dodged            |    46 |   153 |   291 |   687 |  1056 |   886 ||  3119
Block: Other             |       |       |       |    45 |    67 |       ||   112
       Buckler           |       |       |       |       |   214 |   591 ||   805

Table legend:
 A = Non-vault XP
 B = Vault XP
 C = Vault XP percentage of total XP
 D = Non-vault monster count
 E = Vault monster count
 F = Vault count percentage of total count
                 A         B        C        D         E       F
            +---------+---------+-------+---------+---------+-------
      Total |  161446 |   77887 |  32.5 |     721 |     389 |  35.0
            +---------+---------+-------+---------+---------+-------
        D:1 |      34 |       0 |   0.0 |      17 |       0 |   0.0
        D:2 |      47 |       0 |   0.0 |      13 |       0 |   0.0
        D:3 |     169 |      67 |  28.4 |      20 |       7 |  25.9
        D:4 |     397 |      27 |   6.4 |      22 |       1 |   4.3
        D:5 |     239 |      36 |  13.1 |      20 |       1 |   4.8
        D:6 |     597 |     350 |  37.0 |      12 |       8 |  40.0
        D:7 |     557 |       0 |   0.0 |      15 |       0 |   0.0
        D:8 |     580 |       0 |   0.0 |      21 |       0 |   0.0
        D:9 |    3514 |       0 |   0.0 |      33 |       0 |   0.0
       D:10 |    2366 |    1032 |  30.4 |      21 |      13 |  38.2
       D:11 |    5903 |     763 |  11.4 |      46 |      17 |  27.0
       D:12 |    5877 |     993 |  14.5 |      20 |       1 |   4.8
       D:13 |    7657 |    1585 |  17.1 |      38 |      12 |  24.0
       D:14 |    2888 |       0 |   0.0 |      27 |       0 |   0.0
       D:15 |   11298 |    5418 |  32.4 |      34 |      12 |  26.1
     Lair:1 |    4667 |     414 |   8.1 |      29 |       2 |   6.5
     Lair:2 |    2385 |     397 |  14.3 |      17 |       2 |  10.5
     Lair:3 |    3357 |     899 |  21.1 |      12 |       5 |  29.4
     Lair:4 |    6518 |     454 |   6.5 |      19 |       2 |   9.5
     Lair:5 |    8631 |    3061 |  26.2 |      28 |       1 |   3.4
     Lair:6 |   10325 |    4391 |  29.8 |      24 |      13 |  35.1
   Spider:1 |   14911 |     219 |   1.4 |      51 |       1 |   1.9
   Spider:2 |    8477 |     836 |   9.0 |      26 |       3 |  10.3
   Spider:3 |    9760 |       0 |   0.0 |      26 |       0 |   0.0
   Spider:4 |   12346 |   12292 |  49.9 |      31 |      33 |  51.6
      Orc:1 |    1919 |       0 |   0.0 |      36 |       0 |   0.0
      Orc:2 |       0 |   16715 | 100.0 |       0 |     124 | 100.0
   Vaults:1 |   16642 |    9151 |  35.5 |      33 |      26 |  44.1
   Vaults:2 |   19385 |    7325 |  27.4 |      30 |      15 |  33.3
      Sewer |       0 |     247 | 100.0 |       0 |      24 | 100.0
     Bailey |       0 |    3191 | 100.0 |       0 |      34 | 100.0
      IceCv |       0 |    8024 | 100.0 |       0 |      32 | 100.0
            +---------+---------+-------+---------+---------+-------
